 Dungeon Crawl Stone Soup version 0.30.1-9-gdf580d7c3d (webtiles) character file.

Game seed: 5733810301292150209

334 KittyFluff the Cudgeller (level 6, -3/58 HPs)
             Began as a Gargoyle Berserker on Oct 3, 2023.
             Was a Believer of Trog.
             Slain by an iguana (9 damage)
             ... on level 5 of the Dungeon.
             The game lasted 00:12:44 (3029 turns).

KittyFluff the Cudgeller (Gargoyle Berserker)       Turns: 3029, Time: 00:12:44

Health: -3/58      AC: 11    Str: 21    XL:     6   Next: 53%
Magic:  6/6        EV: 12    Int:  7    God:    Trog [**....]
Gold:   252        SH:  0    Dex: 11    Spells: 5/5 levels left

rFire   . . .        a - +0 mace
rCold   . . .        (no shield)
rNeg    + . .        g - +1 leather armour of Veela {Regen+ Stlth+}
rPois   ∞            (no helmet)
rElec   +            t - +0 cloak
rCorr   .            o - +0 pair of gloves
SInv    .            (no boots)
Will    .....        (no amulet) Stlth
                     (no ring)
HPRegen 1.09/turn    (no ring)
MPRegen 0.10/turn

%: no passive effects
@: berserking, very quick
A: sickness immunity, AC +4, negative energy resistance 1, electricity
resistance, torment resistance 1, petrification resistance
a: Renounce Religion, Berserk, Trog's Hand


You were on level 5 of the Dungeon.
You worshipped Trog.
Trog was pleased with you.
You visited 1 branch of the dungeon, and saw 5 of its levels.

You collected 252 gold pieces.

Inventory:

Hand Weapons
 a - a +0 mace (weapon)
 s - a +3 sling
Missiles
 b - 14 poisoned darts (quivered)
 k - 5 silver javelins
Armour
 g - the +1 leather armour of Veela (worn) {Regen+ Stlth+}
   (You found it on level 2 of the Dungeon)

   Regen:     It increases your rate of health regeneration.
   Stlth:     It makes you more stealthy.
 o - a +0 pair of gloves (worn)
 q - a +2 scale mail of poison resistance
 t - a +0 cloak (worn)
Wands
 p - a wand of iceblast (4)
Scrolls
 f - a scroll of fear {unknown}
 l - 2 scrolls of poison {unknown}
 m - a scroll of magic mapping
 n - a scroll of enchant weapon
Potions
 c - 2 potions of flight
 d - a potion of attraction {unknown}
 e - a potion of resistance
 i - 2 potions of heal wounds
 j - a potion of brilliance {unknown}
 r - 4 potions of curing {unknown}


   Skills:
 + Level 4.3 Fighting
 * Level 4.6 Maces & Flails
 * Level 4.6 Armour
 + Level 2.6 Dodging


You had 5 spell levels left.
You didn't know any spells.
Your spell library was empty.

Dungeon Overview and Level Annotations

Branches:
Dungeon (5/15)             Temple (0/1) D:4

Altars:
Nemelex Xobeh
Wu Jian

Shops:
D:3 *(   D:4 :


Innate Abilities, Weirdness & Mutations

You are immune to sickness and miasma.
Your stone body is resilient. (AC +4)
You are immune to poison.
You resist negative energy. (rN+)
You are resistant to electric shocks. (rElec)
You are resistant to unholy torment.
You are immune to petrification.


Message History

The centaur kicks you but does no damage.
You hit the iguana.
The iguana is moderately wounded.
The centaur hits you but does no damage.
The centaur kicks you but does no damage.
The iguana bites you.
You closely miss the iguana.
The iguana is moderately wounded.
The centaur closely misses you. The centaur kicks you. The iguana bites you.
The centaur closely misses you. The centaur misses you.
You closely miss the iguana.
The iguana is moderately wounded.
The centaur hits you but does no damage.
The centaur kicks you. The iguana barely misses you.
The centaur hits you but does no damage.
The centaur kicks you but does no damage.
The iguana completely misses you.
You hit the centaur.
The centaur is heavily wounded.
The centaur hits you but does no damage.
The centaur misses you. The iguana bites you. The centaur hits you.
The centaur kicks you but does no damage.
You barely miss the centaur.
The centaur is heavily wounded.
The centaur hits you but does no damage.
The centaur kicks you but does no damage.
The iguana bites you!
* * * LOW HITPOINT WARNING * * *
You hit the centaur.
The centaur is severely wounded.
The centaur hits you but does no damage.
The centaur completely misses you. The centaur misses you.
The centaur closely misses you. The iguana bites you.
* * * LOW HITPOINT WARNING * * *
A red film seems to cover your vision as you go berserk!
You feel yourself moving faster!
You feel mighty! The centaur closely misses you.
The centaur kicks you but does no damage.
The iguana bites you!
You die...

########.###.#
#..........#.#
#.######.#.#.#
#.# #.#....
#.# #.# ....
#####.#### #..
...##
#........# ###
.## #........#
.# #.###@##.#
# #lc# .# #.##
# #. .. .## .
#


You could see a centaur and an iguana.

Vanquished Creatures
  A scorpion (D:3)
  Jessica (D:3)
  Ijyb (D:3)
  2 iguanas (D:4)
  An orc wizard (D:3)
  3 gnolls (D:4)
  4 adders
  A white imp (D:5)
  2 worms (D:2)
  3 dart slugs (D:1)
  5 orcs
  A bat (D:2)
  An endoplasm (D:1)
  A giant cockroach (D:3)
  7 goblins
  7 hobgoblins
  2 jackals (D:5)
  7 kobolds
  2 quokkas
  7 ball pythons
  3 frilled lizards
  3 rats (D:1)
65 creatures vanquished.

Vanquished Creatures (others)
  A hobgoblin (D:3)
1 creature vanquished.

Grand Total: 66 creatures vanquished

Notes
Turn   | Place    | Note
-------+----------+-------------------------------------------
     0 | D:1      | KittyFluff the Gargoyle Berserker began the quest for the
                  | Orb.
     0 | D:1      | Reached XP level 1. HP: 14/14 MP: 1/1
   132 | D:1      | Reached XP level 2. HP: 19/19 MP: 2/2
   430 | D:1      | Reached XP level 3. HP: 20/23 MP: 3/3
   490 | D:1      | Reached ** piety under Trog
   717 | D:2      | Identified the +1 leather armour of Veela {Regen+ Stlth+}
  1233 | D:3      | Reached XP level 4. HP: 29/29 MP: 4/4
  1476 | D:3      | Noticed Ijyb
  1507 | D:3      | Killed Ijyb
  1508 | D:3      | Reached XP level 5. HP: 33/33 MP: 5/5
  1538 | D:3      | Noticed Jessica
  1541 | D:3      | Killed Jessica
  1580 | D:3      | Found Mufifum's Assorted Antiques.
  1796 | D:3      | Found Dera's Antique Weapon Shop.
  1904 | D:4      | Reached XP level 6. HP: 38/38 MP: 6/6
  2314 | D:4      | Found a sparkling altar of Nemelex Xobeh.
  2316 | D:4      | Found an ornate altar of the Wu Jian Council.
  2414 | D:4      | Found Yreoxenk's Tremendous Tomes.
  2706 | D:4      | Found a staircase to the Ecumenical Temple.
  2806 | D:5      | Entered Level 5 of the Dungeon
  3029 | D:5      | Slain by an iguana

Illustrated notes

Levels and vault maps discovered:
D:1:      spicycebolla_green_bress_n_ham_2, layout_loops_ring,
          hangedman_decor_growths, chequers_serial_rivers_micro_b
D:2:      layout_rooms
D:3:      layout_basic, serial_shops, nicolae_diamond_shop, shop, uniq_jessica,
          uniq_ijyb
D:4:      layout_loops_corners, chequers_temple_overflow_statue_of_worship,
          minmay_temple_entry_junction, nicolae_shop_i_like_big_books
D:5:      layout_loops_corners, lightli_temple_of_fire, uniq_grinder

Skill      XL: |  1  2  3  4  5 |
---------------+----------------+-----
Armour         | 3 4 |  4.6
Dodging        | 2 |  2.6
Maces & Flails | 4 |  4.6
Fighting       | 4 |  4.3

Action                     |  1- 3 |  4- 6 || total
---------------------------+-------+-------++-------
  Melee: Mace              |   105 |   164 ||   269
         Punch             |     1 |     4 ||     5
 Invoke: Berserk           |       |     1 ||     1
    Use: Scroll            |       |     5 ||     5
   Stab: Sleeping          |       |     1 ||     1
 Armour: Animal skin       |     3 |       ||     3
         Leather armour    |    36 |    92 ||   128
  Dodge: Dodged            |    60 |   125 ||   185
